 Dungeon Crawl Stone Soup version 0.20.0-15-g7f486f2 (webtiles) character file.

436 greprep the Grave Robber (level 6, -2/34 HPs)
             Began as a Deep Elf Necromancer on June 18, 2017.
             Slain by a phantom (9 damage)
             ... on level 4 of the Dungeon.
             The game lasted 00:10:01 (4396 turns).

greprep the Grave Robber (Deep Elf Necromancer)     Turns: 4396, Time: 00:10:01

Health: -2/34      AC:  5    Str: 10    XL:     6   Next: 69%
Magic:  23/26      EV: 13    Int: 24    God:
Gold:   168        SH:  0    Dex: 15    Spells: 10/17 levels left

rFire    . . .     SeeInvis .   j - +0 hand axe (venom)
rCold    . . .     Gourm    .   (no shield)
rNeg     . . .     Faith    .   a - +0 robe
rPois    .         Spirit   .   f - +0 helmet
rElec    .         Reflect  .   o - +0 cloak
rCorr    .         Harm     .   (no gloves)
MR       .....                  m - +0 pair of boots
Stlth    ++........             (no amulet)
Regen    1.2/turn               v - +2 ring of intelligence
MPRegen  0.2/turn               l - ring of magical power

@: mighty, regenerating
A: no striking features
a: no special abilities


You were on level 4 of the Dungeon.
You were hungry.

You visited 1 branch of the dungeon, and saw 4 of its levels.

You collected 168 gold pieces.

Inventory:

Hand Weapons
 j - a +0 hand axe of venom (weapon)
 q - a +0 dagger of holy wrath
Armour
 a - a +0 robe (worn)
 f - a +0 helmet (worn)
 m - a +0 pair of boots (worn)
 o - a +0 cloak (worn)
Jewellery
 k - an uncursed ring of protection from cold
 l - a ring of magical power (right hand)
 v - a +2 ring of intelligence (left hand)
Wands
 w - a wand of iceblast (4/15)
Scrolls
 g - a scroll of teleportation
 i - a scroll of blinking {unknown}
 n - 3 scrolls of remove curse
 p - 4 scrolls of identify
 r - a scroll of immolation {unknown}
 t - a scroll of recharging {unknown}
 u - a scroll of magic mapping {unknown}
 x - a scroll of enchant weapon {unknown}
Potions
 d - 2 potions of mutation {unknown}
 e - a potion of might
 h - 4 potions of curing {unknown}
 s - a potion of haste {unknown}
 z - a potion of agility {unknown}
Books
 b - a book of Necromancy

   Spells                             Type                      Level
   a - Pain                           Necromancy                   1
   b - Animate Skeleton               Necromancy                   1
   c - Vampiric Draining              Necromancy                   3
   d - Regeneration                   Charms/Necromancy            3
   e - Animate Dead                   Necromancy                   4
   f - Control Undead                 Necromancy                   4
Comestibles
 c - 2 bread rations
 A - 2 fruits


   Skills:
 + Level 1.0 Fighting
 + Level 0.2 Short Blades
 + Level 2.1 Axes
 + Level 3.2 Dodging
 - Level 2.4 Stealth
 + Level 6.1 Spellcasting
 + Level 6.9 Necromancy


You had 10 spell levels left.
You knew the following spells:

 Your Spells              Type           Power        Failure   Level  Hunger
a - Pain                  Necr           ####         1%          1    None
b - Vampiric Draining     Necr           #####.....   1%          3    #......
c - Regeneration          Chrm/Necr      ###.......   5%          3    #......


Dungeon Overview and Level Annotations

Branches:
Dungeon (4/15)
 Temple: D:4-7

Altars:
Ashenzari
Cheibriados
Gozag
Makhleb
Qazlal


Message History

You closely miss the phantom.
The phantom is heavily damaged.
The phantom completely misses you.
You barely miss the phantom.
The phantom is heavily damaged.
Your skin stops crawling.
The phantom blinks!
The phantom blinks!
The phantom completely misses you.
You barely miss the phantom.
The phantom is heavily damaged.
The phantom closely misses you. The phantom hits you!
You closely miss the phantom.
The phantom is moderately damaged.
The phantom hits you!
* * * LOW HITPOINT WARNING * * *
Casting: Regeneration
Confirm with . or Enter, or press ? or * to list all spells.
Your skin crawls.
The phantom hits you!
You die...

#.# ########.#
#........# #.#
#.######## #.# #.#
#.# #.# #.# #.#
#.# #W# #.# #@#
#### #.# #.# ...##
##.###.#
##..#######...##.#
###..............#
..........#...####
#####........## #
#.###.#### # #.#
#.#


You could see a phantom.

Vanquished Creatures
  2 ogres (D:4)
  An orc wizard (D:3)
  Ijyb (D:4)
  A bullfrog skeleton (D:4)
  4 worker ants
  2 adders
  An adder skeleton (D:3)
  2 worms
  2 dart slugs (D:1)
  2 leopard geckos
  5 orcs (D:3)
  5 bats
  4 giant cockroaches (D:1)
  13 goblins
  6 hobgoblins
  2 frilled lizards
  6 kobolds
  A leopard gecko skeleton (D:4)
  5 rats
65 creatures vanquished.

Notes
Turn   | Place    | Note
-------+----------+-------------------------------------------
     0 | D:1      | greprep the Deep Elf Necromancer began the quest for the Orb.
     0 | D:1      | Reached XP level 1. HP: 10/10 MP: 6/6
    14 | D:1      | Reached skill level 5 in Necromancy
    84 | D:1      | Reached XP level 2. HP: 3/15 MP: 0/8
   951 | D:1      | Reached XP level 3. HP: 3/19 MP: 5/10
  1296 | D:1      | Learned a level 3 spell: Vampiric Draining
  2106 | D:2      | Found a shattered altar of Ashenzari.
  2268 | D:2      | Found a stormy altar of Qazlal.
  2299 | D:3      | Reached XP level 4. HP: 24/24 MP: 12/12
  2847 | D:3      | Found a burning altar of Makhleb.
  3022 | D:3      | Reached skill level 1 in Axes
  3022 | D:3      | Reached skill level 5 in Spellcasting
  3022 | D:3      | Reached XP level 5. HP: 21/28 MP: 7/14
  3584 | D:3      | Found an opulent altar of Gozag.
  3725 | D:4      | Noticed Ijyb
  3752 | D:4      | Killed Ijyb
  3840 | D:4      | Noticed an ogre
  3850 | D:4      | Killed an ogre
  3850 | D:4      | Reached XP level 6. HP: 33/33 MP: 16/16
  4101 | D:4      | Found a snail-covered altar of Cheibriados.
  4110 | D:4      | Reached skill level 1 in Fighting
  4352 | D:4      | Learned a level 3 spell: Regeneration
  4396 | D:4      | Slain by a phantom

Skill      XL: |  1  2  3  4  5  6 |
---------------+-------------------+-----
Necromancy     | 5 6 |  6.9
Spellcasting   | 4 5 6 |  6.1
Axes           | 1 2 |  2.1
Dodging        | 3 |  3.2
Fighting       | 1 |  1.0
Short Blades   | |  0.2
Stealth        | |  2.4

Action                   |  1- 3 |  4- 6 || total
-------------------------+-------+-------++-------
Melee: Short sword       |    28 |       ||    28
       Hand axe          |    19 |   117 ||   136
 Cast: Pain              |    33 |     3 ||    36
       Vampiric Draining |     4 |    23 ||    27
       Regeneration      |       |     3 ||     3
  Use: Scroll            |       |     2 ||     2
       Potion            |       |     1 ||     1
 Stab: Sleeping          |     5 |     2 ||     7
  Eat: Chunk             |     3 |     1 ||     4
       Bread ration      |     1 |       ||     1
       Royal jelly       |       |     1 ||     1
       Fruit             |       |     1 ||     1
Armor: Robe              |     9 |    38 ||    47
Dodge: Dodged            |    38 |    82 ||   120
